 Dungeon Sprint DCSS version 0.30-a0-51-g784eafce7f (webtiles) character file.

Game seed: 10673725772298220973

226 Ankalagon the Sneak (level 5, -9/41 HPs)
             Began as a Demigod Wanderer on Sept 5, 2022.
             Mangled by a neqoxec (11 damage)
             ... in the Dungeon (Sprint II: "The Violet Keep of Menkaure").
             The game lasted 00:00:52 (169 turns).

Ankalagon the Sneak (Demigod Wanderer)               Turns: 169, Time: 00:00:52

Health: -9/41      AC:  3    Str: 10      XL:     5   Next: 41%
Magic:  9/9        EV: 10    Int: 11 (14) God:
Gold:   243        SH:  8    Dex: 20      Spells: 6/6 levels left

rFire   . . .      SeeInvis .    a - +0 dagger
rCold   . . .      Faith    .    e - +2 buckler
rNeg    . . .      Spirit   .    d - +0 robe
rPois   .          Reflect  .    b - +0 helmet
rElec   .          Harm     .    (no cloak)
rCorr   .          Rampage  .    (no gloves)
Will    .....      NoTele   +    (no boots)
Stlth   ++++......               (no amulet)
HPRegen 0.13/turn                (no ring)
MPRegen 0.11/turn                (no ring)

@: hasted, very quick
A: high MP 1, forlorn, divine attributes
a: no special abilities


You were in the Dungeon.
You visited 1 branch You collected 243 gold pieces.

Inventory:

Hand Weapons
 a - a +0 dagger (weapon)
Armour
 b - a +0 helmet (worn)
 d - a +0 robe (worn)
 e - a +2 buckler (worn)
Scrolls
 c - a scroll of fear
 k - a scroll of blinking
Potions
 f - a potion of curing
 g - a potion of heal wounds
 i - 2 potions of magic


   Skills:
 - Level 1.7 Fighting
 + Level 7.1 Short Blades
 + Level 7.7 Stealth
 - Level 5.0 Shields
 - Level 1.0 Spellcasting
 - Level 1.7 Transmutations


You had 6 spell levels left.
You didn't know any spells.
Your spell library contained the following spells:

 Spells                   Type           Power      Damage    Failure   Level
 Wereblood                Tmut           4%         N/A       30%         2
 Passwall                 Tmut/Erth      1%         N/A       41%         2


Dungeon Overview and Level Annotations

Branches:
Dungeon (1/1)


Innate Abilities, Weirdness & Mutations

You have an increased reservoir of magic. (+10% MP)
You shall have no god before yourself.
Your divine heritage dramatically boosts your attributes as you level up.


Message History

You are too injured to fight recklessly!
You hit the neqoxec.
The neqoxec is lightly wounded.
You are too injured to fight recklessly!
You are too injured to fight recklessly!
You hit the neqoxec but do no damage.
The neqoxec is lightly wounded.
The neqoxec hits you!
* * * LOW HITPOINT WARNING * * *
You are too injured to fight recklessly!
You hit the neqoxec but do no damage.
The neqoxec is lightly wounded.
You hit the neqoxec.
The neqoxec is moderately wounded.
The neqoxec gestures at you.
You feel dopey. Something feeds on your intellect! The neqoxec hits you.
* * * LOW HITPOINT WARNING * * *
You miss the neqoxec.
The neqoxec is moderately wounded.
You hit the neqoxec but do no damage.
The neqoxec is moderately wounded.
The neqoxec hits you.
* * * LOW HITPOINT WARNING * * *
You hit the neqoxec but do no damage.
The neqoxec is moderately wounded.
You hit the neqoxec but do no damage.
The neqoxec is moderately wounded.
You hit the neqoxec but do no damage.
The neqoxec is moderately wounded.
The neqoxec gestures at you.
Something tries to feed on your intellect!
The neqoxec gestures at you.
Something tries to feed on your intellect!
You hit the neqoxec but do no damage.
The neqoxec is moderately wounded.
You miss the neqoxec.
The neqoxec is moderately wounded.
The neqoxec hits you!
You die...

##+##
##.#.##
#..#..#
###.# #
#'# .#
##†##3.#
+.<@33#
##.##3#
#+# .# #


You could see 4 neqoxecs.

Vanquished Creatures
  4 scorpions (D)
4 creatures vanquished.

Notes
Turn   | Place    | Note
-------+----------+-------------------------------------------
     0 | D        | Ankalagon the Demigod Wanderer began the quest for the Orb.
     0 | D        | Ankalagon set off with the following items: a +0 dagger, a
                  | +0 helmet, a scroll of fear, a +0 robe, a +2 buckler, a
                  | potion of curing, a potion of heal wounds, a potion of
                  | haste, 2 potions of magic, a potion of berserk rage, a
                  | scroll of blinking; and the following spells available to
                  | memorise: Wereblood, Passwall.
     0 | D        | Reached XP level 1. HP: 17/17 MP: 4/4
     1 | D        | Noticed a scorpion
     1 | D        | Noticed a scorpion
     1 | D        | Noticed a scorpion
     1 | D        | Noticed a scorpion
     6 | D        | Killed a scorpion
     7 | D        | Reached XP level 2. HP: 24/24 MP: 5/5
     7 | D        | Reached XP level 3. HP: 29/29 MP: 6/6
    11 | D        | Killed a scorpion
    12 | D        | Reached skill level 5 in Short Blades
    12 | D        | Reached skill level 5 in Stealth
    12 | D        | Reached skill level 5 in Shields
    12 | D        | Reached XP level 4. HP: 33/36 MP: 8/8
    15 | D        | Reached XP level 5. HP: 35/41 MP: 9/9
   154 | D        | Noticed a neqoxec
   154 | D        | Noticed a neqoxec
   154 | D        | Noticed a neqoxec
   154 | D        | Noticed a neqoxec
   164 | D        | HP: 2/41 [neqoxec (1)]
   169 | D        | Mangled by a neqoxec

Illustrated notes

Levels and vault maps discovered:
D:        the_violet_keep_of_menkaure [sprint2_stairs_cluster_1,
          sprint2_shoproom, sprint2_temple, sprint2_basic_supplies,
          sprint2_obstacle_1, sprint2_obstacle_2, sprint2_obstacle_7,
          sprint2_obstacle_6, sprint2_obstacle_5, sprint2_timed_cluster_1,
          sprint2_smallroom_cluster_1, sprint2_smallroom_final_cluster_1,
          sprint2_transparent_cluster_1, sprint2_second_timed_cluster_1,
          sprint2_sniper_area_1, sprint2_heavy_combat_area_1,
          sprint2_mutation_trap_area_1, sprint2_forest_area_1,
          sprint2_light_combat_area_1, sprint2_behind_water_1,
          sprint2_near_end_vault_1]

Skill      XL: |  1  2  3  4  5 |
---------------+----------------+-----
Short Blades   | 3 5 6 7 |  7.1
Stealth        | 4 5 6 7 |  7.7
Shields        | 4 5 |  5.0
Fighting       | |  1.7
Spellcasting   | |  1.0
Transmutations | |  1.7

Action                   |  1- 3 |  4- 6 || total
-------------------------+-------+-------++-------
Melee: Dagger            |     9 |    22 ||    31
  Use: Potion            |     1 |     1 ||     2
Dodge: Dodged            |     3 |       ||     3
Block: Buckler           |       |     3 ||     3

Table legend: (Time is in decaauts)
 A = Elapsed time spent in this place.
 B = Non-inter-level travel time spent in this place.
 C = Inter-level travel time spent in this place.
 D = Time resting spent in this place.
 E = Time spent auto-exploring this place.
 F = Levels seen in this place.
 G = Mean time per level.
                   A        B        C        D        E       F      G
               +--------+--------+--------+--------+--------+-----+--------+
         Total |    164 |    164 |      0 |    130 |      0 |   1 |  164.0 |
       Dungeon |    164 |    164 |      0 |    130 |      0 |   1 |  164.0 |
               +--------+--------+--------+--------+--------+-----+--------+

Top non-repeatable levels by time:
       D: 164 daAuts
